 Dungeon Crawl Stone Soup version 0.18-a0-674-g00855b9 (webtiles) character file.

81 Hedron the Chucker (level 4, -3/44 HPs)
             Began as an Ogre Hunter on Dec 6, 2015.
             Slain by Grinder (4 damage)
             ... on level 3 of the Dungeon.
             The game lasted 00:05:54 (2629 turns).

Hedron the Chucker (Ogre Hunter)                    Turns: 2629, Time: 00:05:55

Health: -3/44      AC:  4    Str: 17    XL:     4   Next: 42%
Magic:  4/4        EV: 10    Int: 10    God:
Gold:   121        SH:  0    Dex: 11    Spells: 0 memorised, 3 levels left

rFire  . . .     SeeInvis .     l - +0 mace (holy)
rCold  . . .     Clarity  .     b - +0 robe
rNeg   . . .     SustAt   .     (no shield)
rPois  .         Gourm    .     (helmet restricted)
rElec  .         Spirit   .     m - +0 cloak
rCorr  .         Dismiss  .     (gloves unavailable)
rMut   .         Stasis   .     (boots unavailable)
MR     +....                    (no amulet)
Stlth  +.........               (no ring)
                                g - ring of protection from magic

@: somewhat resistant to hostile enchantments, very unstealthy
A: unfitting armour, tough skin 1
a: no special abilities


You were on level 3 of the Dungeon.
You were hungry.

You visited 1 branch of the dungeon, and saw 3 of its levels.

You collected 121 gold pieces.

Inventory:

Hand Weapons
 l - a +0 mace of holy wrath (weapon)
Missiles
 d - a throwing net (quivered)
 p - 8 poisoned javelins
Armour
 b - a +0 robe (worn)
 m - a +0 cloak (worn)
Jewellery
 g - a ring of protection from magic (left hand)
Wands
 o - a wand of flame (25)
 q - a wand of magic darts (37)
Scrolls
 f - a scroll of magic mapping {unknown}
 h - 3 scrolls of remove curse
 i - a scroll of enchant weapon
Potions
 j - a potion of magic
 k - a potion of resistance {unknown}
Comestibles
 a - 10 fruits
 e - a bread ration
 r - a slice of pizza


   Skills:
 - Level 2.6 Fighting
 * Level 3.5 Maces & Flails
 + Level 4.9 Throwing
 - Level 1.7 Dodging
 - Level 0.7 Stealth


You had 3 spell levels left.
You didn't know any spells.

Dungeon Overview and Level Annotations

Branches:
Dungeon (3/15)

Altars:
Ashenzari
Kikubaaqudgha
Makhleb
Zin

Shops:
D:2 *

Annotations:
D:3 Grinder


Innate Abilities, Weirdness & Mutations

You are too large for most types of armour.
You have tough skin (AC +1).


Message History

You writhe in agony.
* * * LOW HITPOINT WARNING * * *
You closely miss Grinder.
Grinder is almost dead.
The ball python barely misses you. Grinder gestures at you.
You resist with some effort. The ball python misses you.
You barely miss Grinder.
Grinder is almost dead.
Grinder hits you.
* * * LOW HITPOINT WARNING * * *
You writhe in agony.
* * * LOW HITPOINT WARNING * * *
The ball python bites you but does no damage.
You closely miss Grinder.
Grinder is almost dead.
The ball python bites you.
* * * LOW HITPOINT WARNING * * *
Grinder hits you.
You die...

.##(_.........
....((.........
.#....⌠.......
............#
#..(.._..#.#
#......... ..
.###.....#.#
#.........S...#
#.#######.@.#.# #.#
###5# .. #.# #.# .#
#.# #)# #
#.#########.#
#........##.#
#.#####.######.##.#
#<........# #.##.#
#######.#.# #.##.#


You could see Grinder and a ball python.

Vanquished Creatures
  Terence (D:3)
  2 adders (D:3)
  A worm (D:2)
  An orc (D:3)
  2 ball pythons
  3 goblins
  7 hobgoblins
  6 kobolds
  6 bats
  A giant cockroach (D:1)
  2 giant newts
  2 rats (D:1)
34 creatures vanquished.

Notes
Turn   | Place    | Note
--------------------------------------------------------------
     0 | D:1      | Hedron the Ogre Hunter began the quest for the Orb.
     0 | D:1      | Reached XP level 1. HP: 22/22 MP: 1/1
   464 | D:1      | Reached skill level 1 in Maces & Flails
   464 | D:1      | Reached XP level 2. HP: 25/29 MP: 2/2
  1375 | D:2      | Found Zin's Purification Station.
  1377 | D:2      | Found a glowing silver altar of Zin.
  1457 | D:2      | Reached XP level 3. HP: 23/36 MP: 3/3
  2272 | D:3      | Found a shattered altar of Ashenzari.
  2272 | D:3      | Noticed Terence
  2288 | D:3      | Killed Terence
  2288 | D:3      | Reached XP level 4. HP: 18/44 MP: 4/4
  2569 | D:3      | Found an ancient bone altar of Kikubaaqudgha.
  2573 | D:3      | Found a burning altar of Makhleb.
  2573 | D:3      | Noticed Grinder
  2629 | D:3      | HP: 1/44 [ball python (2)]
  2629 | D:3      | Slain by Grinder

Vault maps used:
D:1:      minmay_arrival_widening_spiral_narrow
D:2:      zin_purify
D:3:      old_standard_altar, grunt_temple_overflow_open, ecumenical_altar_2,
          first_bread, minmay_rats_cheesy_pizza, uniq_grinder, uniq_terence,
          uniq_robin

Action                   |  1- 3 |  4- 6 || total
-------------------------+-------+-------++-------
Melee: Club              |   106 |       ||   106
       Short sword       |    14 |       ||    14
       Whip              |    16 |     7 ||    23
       Mace              |       |    23 ||    23
Throw: Large rock        |    10 |     5 ||    15
       Throwing net      |     2 |       ||     2
  Use: Scroll            |     6 |       ||     6
       Potion            |     1 |     1 ||     2
 Stab: Distracted        |     1 |       ||     1
  Eat: Chunk             |     5 |       ||     5
